 Dungeon Crawl Stone Soup version 0.30-a0-1074-g5db6f66fbb (webtiles) character file.

Game seed: 2344852002518879713

123 fozzywoppz the Trooper (level 5, -1/33 HPs)
             Began as a Gargoyle Fighter on Apr 13, 2023.
             Was an Initiate of Okawaru.
             Slain by a gnoll
             ... wielding a +1 flail of holy wrath
              (5 damage)
             ... on level 4 of the Dungeon.
             The game lasted 00:05:20 (2127 turns).

fozzywoppz the Trooper (Gargoyle Fighter)           Turns: 2127, Time: 00:05:20

Health: -1/33      AC: 13    Str: 19    XL:     5   Next: 7%
Magic:  5/5        EV: 10    Int:  9    God:    Okawaru [......]
Gold:   192        SH:  4    Dex: 11    Spells: 4/4 levels left

rFire   . . .      SeeInvis .      - Unarmed
rCold   . . .      Faith    .    b - +0 buckler
rNeg    + . .      Spirit   .    c - +2 ring mail {rPois}
rPois   ∞          Reflect  .    (no helmet)
rElec   +          Rampage  .    (no cloak)
rCorr   .                        (no gloves)
Will    .....                    j - +0 pair of boots
Stlth   +                        (no amulet)
HPRegen 0.25/turn                (no ring)
MPRegen 0.09/turn                (no ring)

@: hasted, very quick
A: sickness immunity, AC +4, negative energy resistance 1, electricity
resistance, torment resistance 1, petrification resistance
a: Renounce Religion


You were on level 4 of the Dungeon.
You worshipped Okawaru.
Okawaru was noncommittal.
You visited 1 branch of the dungeon, and saw 4 of its levels.

You collected 192 gold pieces.

Inventory:

Armour
 a - a +0 scale mail
 b - a +0 buckler (worn)
 c - a +2 ring mail of poison resistance (worn)
 i - an orb of guile
 j - a +0 pair of boots (worn)
Scrolls
 d - 2 scrolls of butterflies {unknown}
 h - 4 scrolls of identify {unknown}
 k - a scroll of enchant weapon {unknown}
 l - a scroll of noise {unknown}
 p - a scroll of teleportation {unknown}
 s - 2 scrolls of immolation {unknown}
Potions
 e - a potion of mutation {unknown}
 f - a potion of brilliance
 g - a potion of curing
 m - a potion of might
 n - 2 potions of heal wounds {unknown}
 o - 2 potions of haste
 q - a potion of degeneration {unknown}
 r - a potion of attraction {unknown}


   Skills:
 + Level 4.2 Fighting
 + Level 4.1 Armour
 + Level 4.1 Shields
 + Level 3.0 Unarmed Combat


You had 4 spell levels left.
You didn't know any spells.
Your spell library contained the following spells:

 Spells                   Type           Power      Damage    Failure   Level
 Slow                     Hex            0%         N/A       65%         1
 Confusing Touch          Hex            0%         N/A       95%         3
 Vampiric Draining        Necr           0%         2d6       95%         3


Dungeon Overview and Level Annotations

Branches:
Dungeon (4/15)
 Temple: D:4-7

Altars:
Okawaru
Sif Muna
Wu Jian


Innate Abilities, Weirdness & Mutations

You are immune to sickness and miasma.
Your stone body is resilient. (AC +4)
You are immune to poison.
You resist negative energy. (rN+)
You are resistant to electric shocks. (rElec)
You are resistant to unholy torment.
You are immune to petrification.


Message History

The gnoll is heavily wounded.
The gnoll barely misses you.
The gnoll hits you from afar with a +0 spear.
You hit the gnoll.
The gnoll is severely wounded.
The gnoll barely misses you.
The gnoll hits you from afar with a +0 spear.
You hit the gnoll but do no damage.
The gnoll is severely wounded.
You block the gnoll's attack.
The gnoll hits you from afar with a +0 spear.
You barely miss the gnoll.
The gnoll is severely wounded.
The gnoll hits you but does no damage.
The gnoll hits you with a +0 flail of protection!
The gnoll hits you but does no damage. The gnoll closely misses you.
You climb upwards.
There is a stone staircase leading down here.
You hit the gnoll.
You kill the gnoll!
Okawaru accepts your kill.
You have reached level 5!
You climb downwards.
You hear the sound of rushing water.
There is an entrance to a sewer on this level.
Hurry and find it before the portal rusts away!
The gnoll barely misses you.
The gnoll hits you with a +1 flail of holy wrath.
There is a stone staircase leading up here.
You closely miss the gnoll. The gnoll barely misses you.
The gnoll closely misses you.
You hit the gnoll.
The gnoll is moderately wounded.
The gnoll hits you but does no damage.
The gnoll hits you with a +1 flail of holy wrath!
* * * LOW HITPOINT WARNING * * *
It was a potion of haste.
You feel yourself speed up. The gnoll hits you with a +0 spear.
* * * LOW HITPOINT WARNING * * *
The gnoll hits you with a +1 flail of holy wrath.
You die...

.. .. .# .#
###.# #
...#.##..
#g......# #@#
#g#
...............
..#####.######.
..# ..# #=.#
...# #.##


You could see 2 gnolls.

Vanquished Creatures
  Robin (D:2)
  2 gnolls
  2 adders (D:3)
  3 dart slugs
  An orc (D:3)
  3 bats
  5 endoplasms
  4 giant cockroaches
  14 goblins
  6 hobgoblins
  2 jackals (D:2)
  4 quokkas
  3 ball pythons
  4 frilled lizards
  8 kobolds
  3 rats
65 creatures vanquished.

Vanquished Creatures (others)
  37 fungi (D:3)
37 creatures vanquished.

Grand Total: 102 creatures vanquished

Notes
Turn   | Place    | Note
-------+----------+-------------------------------------------
     0 | D:1      | fozzywoppz the Gargoyle Fighter began the quest for the
                  | Orb.
     0 | D:1      | Reached XP level 1. HP: 14/14 MP: 1/1
   242 | D:1      | Reached XP level 2. HP: 19/19 MP: 2/2
   772 | D:2      | Noticed Robin
   778 | D:2      | Reached XP level 3. HP: 23/23 MP: 3/3
   858 | D:2      | Killed Robin
  1059 | D:2      | Reached XP level 4. HP: 29/29 MP: 4/4
  1727 | D:3      | Found a shimmering blue altar of Sif Muna.
  1805 | D:3      | Found an ornate altar of the Wu Jian Council.
  1814 | D:3      | Found an iron altar of Okawaru.
  1845 | D:3      | Became a worshipper of Warmaster Okawaru
  2123 | D:3      | Reached XP level 5. HP: 13/33 MP: 5/5
  2127 | D:4      | Slain by a gnoll

Illustrated notes

Levels and vault maps discovered:
D:1:      dpeg_arrival_leaves_temple_mockup, layout_basic
D:2:      layout_basic, minmay_tromino_v4_c, uniq_robin
D:3:      layout_basic, mainiacjoe_overflow_catch_the_wave,
          okawaru_metal_pillars_1_2
D:4:      kb_forest_paths, layout_loops_ring, minmay_temple_entry_waves,
          gup_sewer_entry_glass, roderic_lattice_a

Skill      XL: |  1  2  3  4 |
---------------+-------------+-----
Fighting       | 4 |  4.2
Shields        | 4 |  4.1
Armour         | 4 |  4.1
Unarmed Combat | 3 |  3.0

Action                     |  1- 3 |  4- 6 || total
---------------------------+-------+-------++-------
  Melee: Unarmed           |   165 |   123 ||   288
    Use: Potion            |     3 |     1 ||     4
 Armour: Scale mail        |   127 |       ||   127
         Ring mail         |     5 |    52 ||    57
  Dodge: Dodged            |   109 |    59 ||   168
  Block: Buckler           |    48 |    20 ||    68

Table legend: (Time is in decaauts)
 A = Elapsed time spent in this place.
 B = Non-inter-level travel time spent in this place.
 C = Inter-level travel time spent in this place.
 D = Time resting spent in this place.
 E = Time spent auto-exploring this place.
 F = Levels seen in this place.
 G = Mean time per level.
                   A        B        C        D        E       F      G
               +--------+--------+--------+--------+--------+-----+--------+
         Total |   2125 |   2072 |     53 |      0 |   1421 |   4 |  531.2 |
       Dungeon |   2125 |   2072 |     53 |      0 |   1421 |   4 |  531.2 |
               +--------+--------+--------+--------+--------+-----+--------+

Top non-repeatable levels by time:
     D:2: 865 daAuts
     D:1: 691 daAuts
     D:3: 548 daAuts
     D:4: 19 daAuts
